 Dungeon Crawl Stone Soup version 0.28.0-53-g5a82cb258f (webtiles) character file.

Game seed: 6107724465280766191

65 bnorton916 the Magician (level 3, -2/19 HPs)
             Began as a Deep Elf Fire Elementalist on June 17, 2022.
             Slain by an adder (5 damage)
             ... on level 3 of the Dungeon.
             The game lasted 00:02:06 (2423 turns).

bnorton916 the Magician (DEFE)                      Turns: 2423, Time: 00:02:06

Health: -2/19      AC:  2    Str:  5    XL:     3   Next: 92%
Magic:  6/10       EV: 12    Int: 21    God:
Gold:   85         SH:  0    Dex: 15    Spells: 4/10 levels left

rFire   . . .      SeeInvis .   (no weapon)
rCold   . . .      Faith    .   (no shield)
rNeg    . . .      Spirit   .   a - +0 robe
rPois   .          Reflect  .   (no helmet)
rElec   .          Harm     .   (no cloak)
rCorr   .          Rampage  .   (no gloves)
Will    .....                   (no boots)
Stlth   ++........              g - amulet of regeneration
HPRegen 0.86/turn               f - ring of wizardry
MPRegen 0.12/turn               (no ring)

@: lethally poisoned (-2 -> -3), very slightly contaminated
A: no striking features
a: no special abilities


You were on level 3 of the Dungeon.
You visited 1 branch of the dungeon, and saw 3 of its levels.

You collected 85 gold pieces.

Inventory:

Missiles
 c - 3 boomerangs
 d - 15 stones
 h - a throwing net
Armour
 a - a +0 robe (worn)
Jewellery
 f - a ring of wizardry (left hand)
 g - an amulet of regeneration (around neck)
Potions
 b - 2 potions of invisibility {unknown}


   Skills:
 - Level 2.4 Dodging
 - Level 2.4 Stealth
 + Level 4.2 Spellcasting
 + Level 2.5 Conjurations
 + Level 4.0 Fire Magic


You had 4 spell levels left.
You knew the following spells:

 Your Spells              Type           Power      Damage    Failure   Level
a - Foxfire               Conj/Fire      72%        2x1d7     1%          1
b - Scorch                Fire           42%        2d7       1%          2
c - Conjure Flame         Conj/Fire      18%        6-21      3%          3

Your spell library contained the following spells:

 Spells                   Type           Power      Damage    Failure   Level
 Inner Flame              Hex/Fire       12%        N/A       6%          3
 Ensorcelled Hibernation  Hex/Ice        8%         N/A       8%          2
 Passwall                 Tmut/Erth      3%         N/A       8%          2
 Flame Wave               Conj/Fire      18%        2d6       12%         4
 Swiftness                Air            4%         N/A       14%         3


Dungeon Overview and Level Annotations

Branches:
Dungeon (3/15)

Altars:

Portals:
Sewer: D:3


Message History

Items here: )) [[.
Okay, then.
c - 3 boomerangs (gained 2)
Items here: )))) [[ †.
Okay, then.
Found a glowing drain.
The adder hisses angrily. x2
The adder hisses angrily.
You open the door.
Casting: Foxfire (safe; 1% risk of failure)
Confirm with . or Enter, or press ? or * to list all spells.
You conjure some foxfire!
You hear the slow rusting of a drain.
The adder bites you. x2
The foxfire hits the adder.
The adder is lightly wounded.
The foxfire hits the adder.
The adder is heavily wounded.
The adder closely misses you.
Unknown command.
Casting: Foxfire (safe; 1% risk of failure)
Confirm with . or Enter, or press ? or * to list all spells.
Flames lash the giant cockroach.
You kill the giant cockroach!
The adder bites you. x2
You are poisoned.
The adder poisons you! The adder misses you. The adder closely misses you.
The adder misses you.
You feel sick. The adder bites you.
You are more poisoned.
The adder poisons you! The adder barely misses you. The adder bites you. x2
You feel sick. The adder misses you.
You feel sick. The adder closely misses you.
You feel sick.
Casting: Scorch (safe; 1% risk of failure)
Confirm with . or Enter, or press ? or * to list all spells.
You miscast Scorch.
You are very lightly contaminated with residual magic.
Nothing appears to happen.
You feel sick. The adder bites you.
You die...

*,*,,****,,....#≈≈≈#.....#,*
,,,,,**,,,,,...#≈∩≈#.....#,*
*,*,,**,*,,,,#.#≈≈≈#.##..#,*
,,,,,,,,*,**##.#≈≈≈#.....#,*
,,,,,,,,*,* #..##'##.....,,*
***,,,,,*,* #...B....#******
*,,,,,*,* #..#S#..##
**,,,,*,* ##..S#S## *,,**#.*
###@..# ##+**#.######.###
#...*#.##.....#
#...*#.......##
####...##.......#
.#.#....#.......#
...#............#
.#.#####........#
##.).)).........#


You could see 3 adders and a giant cockroach.

Vanquished Creatures
  An adder (D:2)
  2 dart slugs
  5 orcs (D:3)
  3 ball pythons
  5 endoplasms
  2 giant cockroaches
  3 goblins
  2 hobgoblins
  2 jackals
  6 kobolds
  A quokka (D:1)
  2 bats (D:2)
  A frilled lizard (D:1)
  2 rats (D:1)
37 creatures vanquished.

Vanquished Creatures (collateral kills)
  2 orcs (D:3)
  A ball python (D:3)
  2 kobolds (D:3)
5 creatures vanquished.

Vanquished Creatures (others)
  167 foxfires
167 creatures vanquished.

Grand Total: 209 creatures vanquished

Notes
Turn   | Place    | Note
-------+----------+-------------------------------------------
     0 | D:1      | bnorton916 the Deep Elf Fire Elementalist began the quest
                  | for the Orb.
     0 | D:1      | Reached XP level 1. HP: 10/10 MP: 6/6
   302 | D:1      | Reached XP level 2. HP: 15/15 MP: 6/8
  1753 | D:2      | Reached XP level 3. HP: 19/19 MP: 8/10
  1834 | D:2      | Learned a level 2 spell: Scorch
  1838 | D:2      | Learned a level 3 spell: Conjure Flame
  1984 | D:2      | Found a faded altar of an unknown god.
  2412 | D:3      | Found a glowing drain.
  2423 | D:3      | Slain by an adder

Illustrated notes

Levels and vault maps discovered:
D:1:      sevenhm_arrival_forest_fort_small_4, layout_basic
D:2:      layout_rooms, ebering_ecumenical_altar_box, hex_medium
D:3:      layout_basic, gup_sewer_entry_glass, st_stairs_11,
          grunt_decor_junction, minmay_misc_feat_doors, grunt_decor_fettered

Skill      XL: |  1  2  3 |
---------------+----------+-----
Conjurations   | 2 |  2.5
Spellcasting   | 4 |  4.2
Fire Magic     | 4 |  4.0
Dodging        | |  2.4
Stealth        | |  2.4

Action                   || total
-------------------------++-------
Melee: Unarmed           ||     2
 Cast: Foxfire           ||    94
       Scorch            ||     5
  Use: Scroll            ||     2
Armor: Robe              ||     2
Dodge: Dodged            ||    26
